Map: Deathaura LE

Players

Serral - Winner!

  • Race: Zerg Zerg
  • League: Grandmaster
  • Spawn Location: 11:00

uwuThermal (uThermal)

  • Race: Terran Terran
  • Spawn Location: 5:00

Event: DreamHack SC2 Masters 2020 Winter

VOD

Have the link to the VOD?

Description

Time

  • Played on: Oct. 22, 2020, 1:47 p.m.
  • Length: 6:10

All games in this series

Show
View Real Time Build Order
Export as new Build Order

Serral Zerg - Winner!

Build Orders: Hatch First 

Get SALT Encoding   

  12  0:01  Drone  
  13  0:13  Overlord  
  13  0:17  Drone  
  14  0:31  Drone x2  
  16  0:48  Hatchery  
  15  0:51  Drone  
  15  0:55  Drone  
  17  0:58  Drone  
  18  1:09  Extractor  
  17  1:13  Spawning Pool  
  17  1:17  Drone  
  17  1:20  Drone  
  18  1:28  Drone  
  19  1:39  Drone  
  20  1:50  Drone  
  21  1:59  Queen  
  21  2:00  Queen  
  21  2:01  Zergling x4  
  27  2:11  Overlord  
  27  2:12  Drone, Metabolic Boost  
  28  2:31  Drone  
  28  2:32  Hatchery  
  28  2:34  Drone  
  29  2:38  Drone  
  30  2:44  Queen  
  30  2:51  Overlord  
  32  2:52  Drone  
  32  2:55  Drone  
  32  2:58  Drone  
  35  3:00  Drone  
  35  3:04  Pneumatized Carapace  
  36  3:09  Drone x2  
  38  3:13  Drone  
  38  3:14  Drone  
  38  3:17  Overlord  
  40  3:20  Drone  
  40  3:22  Drone  
  42  3:27  Queen  
  44  3:37  Overlord  
  44  3:39  Drone  
  44  3:40  Drone  
  46  3:41  Drone x3  
  46  3:45  Queen  
  46  3:48  Drone  
  52  3:50  Zergling x2  
  52  3:53  Zergling x2  
  52  3:54  Drone x2  
  52  3:55  Drone  
  57  3:58  Drone x2  
  59  4:04  Baneling Nest  
  59  4:05  Queen  
  60  4:10  Zergling x4  
  60  4:11  Drone  
  60  4:14  Overlord  
  60  4:15  Overlord  
  63  4:20  Drone  
  63  4:21  Drone x2  
  66  4:25  Lair  
  66  4:34  Drone x5  
  66  4:35  Drone  
  72  4:40  Hatchery  
  72  4:41  Extractor x2  
  72  4:43  Zergling x4  
  71  4:45  Zergling x2  
  71  4:46  Drone  
  71  4:47  Drone  
  71  4:49  Drone x2  
  71  4:50  Drone  
  77  4:55  Overlord  
  77  4:56  Drone x3  
  80  5:00  Overlord  
  80  5:01  Drone x2  
  82  5:08  Extractor  
  82  5:09  Zergling x2  
  82  5:12  Overlord  
  82  5:13  Evolution Chamber x2, Overlord  
  80  5:18  Drone x2, Zergling x2  
  80  5:19  Zergling x6  
  86  5:27  Baneling x5  
  86  5:28  Zergling x4  
  88  5:30  Overlord  
  88  5:32  Zergling x6  
  91  5:36  Zergling x2  
  91  5:37  Zergling x2  
  91  5:40  Baneling x6  
  95  5:48  Baneling x3, Zergling x10  
  100  5:51  Overlord  
  100  5:55  Baneling x2  
Show
View Real Time Build Order
Export as new Build Order

uwuThermal Terran 

Build Orders: Reaper Expand 

Get SALT Encoding   

  12  0:00  SCV  
  13  0:12  SCV  
  14  0:17  Supply Depot  
  14  0:24  SCV  
  15  0:38  SCV  
  15  0:40  Barracks  
  16  0:44  Refinery  
  16  0:50  SCV  
  17  1:02  SCV  
  18  1:14  SCV  
  19  1:26  Barracks Reactor  
  19  1:28  Orbital Command  
  19  1:30  Reaper  
  20  1:39  Command Center  
  20  1:49  Supply Depot  
  20  1:54  SCV  
  21  2:02  Marine  
  21  2:06  SCV  
  21  2:08  Factory  
  23  2:14  Barracks  
  23  2:18  SCV  
  24  2:26  Barracks Reactor  
  24  2:30  SCV  
  25  2:47  SCV  
  25  2:49  Command Center  
  26  2:55  Orbital Command  
  26  2:59  SCV  
  27  3:08  Hellion x2  
  27  3:11  SCV  
  32  3:15  Barracks Tech Lab, Barracks Reactor  
  32  3:20  SCV  
  32  3:24  SCV  
  34  3:29  Hellion  
  34  3:30  Hellion  
  34  3:33  SCV  
  39  3:35  Stimpack  
  39  3:36  SCV, Marine  
  41  3:45  SCV  
  41  3:48  SCV  
  43  3:50  Hellion  
  43  3:52  Marine  
  46  4:00  Marine x2  
  46  4:01  SCV x2, Hellion  
  52  4:04  Orbital Command  
  52  4:08  Starport  
  51  4:10  Marine  
  51  4:13  SCV x2  
  54  4:18  Supply Depot, Marine  
  55  4:24  Marine, Refinery  
  55  4:25  SCV x2, Refinery  
  55  4:26  Refinery  
  55  4:27  Marine  
  59  4:33  SCV  
  59  4:36  Supply Depot  
  59  4:37  SCV  
  61  4:40  SCV  
  61  4:41  Supply Depot  
  61  4:42  Marine  
  61  4:43  Marine  
  61  4:45  Marine  
  64  4:51  Supply Depot, Orbital Command  
  67  4:52  SCV  
  67  4:53  SCV  
  67  4:57  Supply Depot  
  67  4:59  Medivac  
  69  5:00  Medivac, Marine  
  69  5:02  Marine  
  69  5:05  SCV  
  74  5:08  Armory, SCV  
  74  5:10  Marine  
  76  5:17  SCV  
  76  5:18  Marine, SCV  
  76  5:19  Marine  
  76  5:20  SCV  
  81  5:28  Marine  
  82  5:29  SCV  
  82  5:31  SCV  
  82  5:34  SCV, Factory Reactor  
  85  5:36  Factory, Marine  
  85  5:37  Marine  
  85  5:41  SCV  
  85  5:42  Supply Depot  
  88  5:43  SCV  
  88  5:46  Marine  
  88  5:47  SCV  
  91  5:51  Engineering Bay  
  91  5:52  Engineering Bay  
  91  5:53  SCV  
  91  5:55  SCV  
Tags
 
Add a new tag
Caveats
  • Supply blocks, unpowered buildings, or Contaminate may cause inaccurate times.
  • Supply counts are checked every 10 seconds.